 Dungeon Crawl Stone Soup version 0.19.4-8-ga85b6b9 (webtiles) character file.

515 esteth the Chopper (level 7, -5/57 HPs)
             Began as a Demonspawn Abyssal Knight on Feb 7, 2017.
             Was a Priest of Lugonu.
             Slain by a sky beast (6 damage)
             ... on level 5 of the Dungeon on Feb 8, 2017.
             The game lasted 00:11:33 (5106 turns).

esteth the Chopper (Demonspawn Abyssal Knight)      Turns: 5106, Time: 00:11:33

Health: -5/57      AC:  8    Str: 10    XL:     7   Next: 0%
Magic:  14/18      EV:  8    Int: 13    God:    Lugonu [***...]
Gold:   214        SH:  0    Dex: 14    Spells: 0 memorised, 6 levels left

rFire  . . .     SeeInvis .     a - +2 hand axe
rCold  + . .     Gourm    .     q - +0 scale mail
rNeg   . . .     Faith    .     (no shield)
rPois  .         Spirit   .     (helmet restricted)
rElec  .         Reflect  .     o - +0 cloak
rCorr  .         Harm     .     (no gloves)
MR     .....                    (no boots)
Stlth  ..........               (no amulet)
                                r - -3 ring of strength (curse)
                                e - ring of magical power

@: hasted, drained, very quick
A: horns 1, talons 1, iridescent scales 2, cold resistance 1, deformed body,
robust 1, rot immunity
a: Depart the Abyss, Bend Space, Banish, Renounce Religion


You were on level 5 of the Dungeon.
You worshipped Lugonu.
Lugonu was most pleased with you.
You were not hungry.

You visited 1 branch of the dungeon, and saw 5 of its levels.
You visited the Abyss 1 time.

You collected 214 gold pieces.

Inventory:

Hand Weapons
 a - a +2 hand axe (weapon)
Armour
 b - a +1 leather armour
 n - a +0 ring mail
 o - a +0 cloak (worn)
 q - a +0 scale mail (worn)
Jewellery
 e - a ring of magical power (left hand)
 k - an uncursed amulet of harm
 r - a cursed -3 ring of strength (right hand)
Scrolls
 m - a scroll of recharging
 p - 2 scrolls of remove curse
 u - a scroll of random uselessness {unknown}
 v - a scroll of identify
Potions
 d - a potion of berserk rage {unknown}
 f - a potion of lignification
 i - a potion of heal wounds {unknown}
 j - a potion of agility {unknown}
 l - a potion of invisibility {unknown}
 t - a potion of ambrosia {unknown}
Comestibles
 c - 3 bread rations
 g - 2 beef jerkies
 s - 16 chunks of flesh
 w - a royal jelly
 x - a meat ration


   Skills:
 - Level 3.0(2.8) Fighting
 - Level 6.8(6.6) Axes
 - Level 1.7(1.6) Armour
 - Level 0.8(0.6) Dodging
 + Level 3.3(3.1) Invocations


You had 6 spell levels left.
You didn't know any spells.

Dungeon Overview and Level Annotations

Branches:
Dungeon (5/15)
 Temple: D:4-7

Altars:
Ru

Shops:
D:4 (


Innate Abilities, Weirdness & Mutations

You have a pair of small horns on your head.
You are mostly covered in iridescent scales. (AC +4)
You are immune to rotting.
You have sharp toenails.
Your flesh is cold resistant. (rC+)
Armour fits poorly on your strangely shaped body.
You are robust. (+10% HP)


Message History

* * * LOW HITPOINT WARNING * * *
You miss the sky beast. Your headbutt misses the sky beast.
The sky beast is moderately wounded.
The sky beast hits you but does no damage.
Press: ? - help, Shift-Dir - straight line, f - sky beast
Aim: a sky beast (moderately wounded, chance to defeat MR: 81%)
You fail to use your ability.
The sky beast hits you.
* * * LOW HITPOINT WARNING * * *
The sky beast shocks you.
* * * LOW HITPOINT WARNING * * *
Press: ? - help, Shift-Dir - straight line, f/p - sky beast
Aim: a sky beast (moderately wounded, chance to defeat MR: 81%)
The sky beast barely resists.
You feel somewhat more hungry.
The sky beast flickers out of sight!
Deactivating autopickup; reactivate with Ctrl-A.
Something hits you but does no damage.
It was a potion of haste.
You feel yourself speed up. Something hits you.
* * * LOW HITPOINT WARNING * * *
Something shocks you.
You die...

#...#...##)#..(#...
#......###.##(.....
###.....## #.###.....
###.....#..###.# #.....
####......>##..##.###.....
#$.........###.##.##.....#
#..........# #.##.##..#.##
#.......#{## #..#..<..#.#
........##@#####....#..#.#
#.......##.............#.#
#.......######.........#.#
#......## #....######.##
....#.# #....#........
..##. #....#.####.##
#....#.#......
###########..<.#.#.##.##
.........#.....#.#.#...#


There were no monsters in sight!

Vanquished Creatures
  A howler monkey (D:3)
  A bullfrog zombie (D:4)
  Crazy Yiuf (D:3)
  An orc priest (D:4)
  2 orc wizards
  3 worker ants
  A hound skeleton (D:4)
  12 adders
  A shadow imp (D:5)
  An ooze (D:2)
  2 worms (D:4)
  A dart slug (D:2)
  3 leopard geckos
  19 orcs
  5 bats
  5 giant cockroaches
  8 hobgoblins
  6 jackals
  7 kobolds
  A quokka (D:3)
  6 ball pythons
  6 frilled lizards
  10 goblins
  7 rats
110 creatures vanquished.

Notes
Turn   | Place    | Note
-------+----------+-------------------------------------------
     0 | Abyss:1  | esteth the Demonspawn Abyssal Knight began the quest for the Orb.
     0 | Abyss:1  | Reached XP level 1. HP: 18/18 MP: 2/2
    29 | D:1      | Escaped the Abyss
    89 | D:1      | Reached skill level 2 in Axes
   334 | D:1      | Gained mutation: You are partially covered in iridescent scales. (AC +2) [demonic ancestry]
   334 | D:1      | Reached XP level 2. HP: 19/24 MP: 3/3
   795 | D:1      | Reached skill level 3 in Axes
  1119 | D:1      | Reached XP level 3. HP: 28/29 MP: 4/4
  1546 | D:2      | Reached ** piety under Lugonu
  1966 | D:2      | Gained mutation: You have a pair of small horns on your head. [demonic ancestry]
  1966 | D:2      | Reached XP level 4. HP: 35/35 MP: 5/5
  2180 | D:2      | Reached skill level 4 in Axes
  2746 | D:3      | Gained mutation: Armour fits poorly on your strangely shaped body. [potion of mutation]
  2746 | D:3      | Gained mutation: You are robust. (+10% HP) [potion of mutation]
  2746 | D:3      | Gained mutation: Your flesh is cold resistant. (rC+) [potion of mutation]
  2747 | D:3      | Gained mutation: Your body sometimes deteriorates upon taking damage. [potion of mutation]
  2747 | D:3      | Lost mutation: Your body sometimes deteriorates upon taking damage. [potion of mutation]
  2747 | D:3      | Gained mutation: You have sharp toenails. [potion of mutation]
  2880 | D:3      | Found a runed door.
  2884 | D:3      | Noticed Crazy Yiuf
  2892 | D:3      | Killed Crazy Yiuf
  2892 | D:3      | Gained mutation: You are immune to rotting. [demonic ancestry]
  2892 | D:3      | Reached XP level 5. HP: 45/45 MP: 6/6
  3047 | D:3      | Reached skill level 5 in Axes
  3911 | D:3      | Gained mutation: You are mostly covered in iridescent scales. (AC +4) [demonic ancestry]
  3911 | D:3      | Reached XP level 6. HP: 21/51 MP: 7/7
  4191 | D:4      | Reached skill level 6 in Axes
  4280 | D:4      | Found Paivisiq's Antique Weapon Shop.
  4652 | D:4      | Reached *** piety under Lugonu
  4877 | D:5      | Entered Level 5 of the Dungeon
  4898 | D:5      | Found a sacrificial altar of Ru.
  5086 | D:5      | Noticed a sky beast
  5092 | D:5      | Reached XP level 7. HP: 37/57 MP: 9/9
  5106 | D:5      | HP: 1/57 [something (3)]
  5106 | D:5      | Slain by a sky beast

Skill      XL: |  1  2  3  4  5  6 |
---------------+-------------------+-----
Axes           | 2 3 4 5 6 |  6.8
Invocations    | 3 |  3.3
Fighting       | |  3.0
Armour         | |  1.7
Dodging        | |  0.8

Action                   |  1- 3 |  4- 6 |  7- 9 || total
-------------------------+-------+-------+-------++-------
Melee: Hand axe          |   146 |   274 |     7 ||   427
       Headbutt          |       |    26 |     2 ||    28
       Kick              |       |    40 |       ||    40
Invok: Banish            |       |       |     1 ||     1
  Use: Scroll            |     5 |     4 |       ||     9
       Potion            |       |     3 |     1 ||     4
  Eat: Chunk             |     3 |    11 |       ||    14
Armor: Leather armour    |    61 |    27 |       ||    88
       Scale mail        |       |   117 |     3 ||   120
       Skin              |       |     6 |       ||     6
Dodge: Dodged            |   103 |   119 |     2 ||   224
